 Dungeon Crawl Stone Soup version 0.22.0-49-gab54619 (webtiles) character file.

935 Biscuit the Poker (level 7, -1/61 HPs)
             Began as a Yellow Draconian Berserker on Sept 5, 2018.
             Was an Initiate of Vehumet.
             Slain by a black bear (4 damage)
             ... created by the rage of Trog
             ... on level 6 of the Dungeon.
             The game lasted 00:27:50 (4692 turns).

Biscuit the Poker (Yellow Draconian Berserker)      Turns: 4692, Time: 00:27:51

Health: -1/61      AC:  9    Str: 20    XL:     7   Next: 87%
Magic:  7/7        EV: 14    Int:  8    God:    Vehumet [......]
Gold:   106        SH:  0    Dex: 11    Spells: 6/6 levels left

rFire    . . .     SeeInvis .   f - +0 spear
rCold    . . .     Gourm    .   (no shield)
rNeg     . . .     Faith    .   (armour unavailable)
rPois    .         Spirit   .   (helmet restricted)
rElec    .         Reflect  .   U - +0 cloak
rCorr    +         Harm     .   (no gloves)
MR       .....                  Y - +1 pair of boots
Stlth    +.........             (no amulet)
HPRegen  0.20/turn              s - ring of attention (curse)
MPRegen  0.10/turn              (no ring)

@: no status effects
A: spit acid, acid resistance, unfitting armour, cold-blooded, AC +6
a: Breathe Acid, Renounce Religion


You were on level 6 of the Dungeon.
You worshipped Vehumet.
Vehumet was noncommittal.
You were not hungry.

You visited 1 branch of the dungeon, and saw 6 of its levels.

You collected 298 gold pieces.
You spent 192 gold pieces at shops.

Inventory:

Hand Weapons
 a - a +0 falchion
 f - a +0 spear (weapon)
 i - a +0 short sword
 k - a +0 spear
 m - a +0 club
 o - a +0 club
 p - a +0 hand axe
 q - a +0 dagger
 r - a +0 club
 v - a +0 battleaxe
 w - a +0 club
 y - a +0 dagger
 B - a +0 dagger
 C - a +0 vampiric short sword
 D - a +0 flail of protection
 F - a +0 hand axe
 G - a +0 club
 J - a +0 long sword
 K - a +0 whip
 O - a +0 club
Missiles
 e - 54 stones (quivered)
 j - 36 bolts
 u - 60 arrows
 E - 75 sling bullets
Armour
 l - a +0 leather armour
 n - a +0 robe
 H - a +0 robe
 P - a +0 robe
 Q - a +0 leather armour
 U - a +0 cloak (worn)
 V - a +1 leather armour of fire resistance
 W - a cursed +0 scale mail
 Y - a +1 pair of boots (worn)
 Z - a +0 helmet
Jewellery
 s - a cursed ring of attention (left hand)
Wands
 A - a wand of random effects (19)
Scrolls
 c - 2 scrolls of fog
 d - 3 scrolls of magic mapping
 t - 2 scrolls of remove curse
 L - 2 scrolls of immolation
 N - a scroll of amnesia
Potions
 x - a potion of degeneration {unknown}
 z - a potion of agility {unknown}
 I - a potion of haste {unknown}
 M - 2 potions of resistance {unknown}
 R - a potion of berserk rage {unknown}
 T - a potion of flight {unknown}
 X - a potion of heal wounds {unknown}
Comestibles
 b - 4 rations


   Skills:
 + Level 5.5 Fighting
 + Level 3.4 Long Blades
 + Level 5.8 Polearms
 + Level 5.1 Dodging
 + Level 1.2 Stealth


You had 6 spell levels left.
You didn't know any spells.
Your spell library was empty.

Dungeon Overview and Level Annotations

Branches:
Dungeon (6/15)
 Temple: D:4-7

Altars:
Vehumet

Shops:
D:5 [   D:6 ?


Innate Abilities, Weirdness & Mutations

You can spit globs of acid.
You are resistant to acid.
Your golden yellow scales are hard. (AC +6)
You cannot fit into any form of body armour.
You are cold-blooded and may be slowed by cold attacks.


Message History

There are monsters nearby!
You barely miss the black bear.
You tail-slap the black bear, but do no damage.
You hit the black bear but do no damage.
The polar bear completely misses you. x2
The polar bear claws you but does no damage.
The black bear closely misses you. x2
The black bear claws you but does no damage.
You miss the polar bear. The polar bear bites you.
* * * LOW HITPOINT WARNING * * *
The polar bear closely misses you. The polar bear barely misses you.
The black bear barely misses you. The black bear claws you.
* * * LOW HITPOINT WARNING * * *
The black bear claws you but does no damage.
The polar bear rages.
You're too confused!
You feel better. The black bear bites you!
* * * LOW HITPOINT WARNING * * *
The black bear claws you.
You die...

######
#####h@hh#
#...hh##h#
#.######.#
####.# ..#
#....# ..#
#.####
#..# #.#
#..# #.#
#### #.# #


You could see 3 polar bears and 3 black bears.

Vanquished Creatures
  Eustachio (D:4)
  A phantom (D:6)
  An ogre (D:5)
  2 bullfrogs (D:6)
  A crimson imp (D:5)
  A bullfrog zombie (D:6)
  2 hounds (D:4)
  A jelly (D:5)
  An orc priest (D:4)
  3 iguanas
  2 worker ants
  A worker ant zombie (D:5)
  8 adders
  3 gnolls (D:6)
  An adder skeleton (D:5)
  A worm (D:4)
  2 dart slugs (D:2)
  7 leopard geckos
  8 orcs (D:4)
  A ball python (D:2)
  7 bats
  5 giant cockroaches
  7 goblins
  5 hobgoblins
  3 jackals (D:3)
  A quokka (D:4)
  5 frilled lizards
  A jackal skeleton (D:4)
  8 kobolds
  8 rats
98 creatures vanquished.

Notes
Turn   | Place    | Note
-------+----------+-------------------------------------------
     0 | D:1      | Biscuit the Draconian Berserker began the quest for the
                  | Orb.
     0 | D:1      | Reached XP level 1. HP: 19/19 MP: 1/1
   396 | D:1      | Reached XP level 2. HP: 23/26 MP: 2/2
  1105 | D:2      | Reached XP level 3. HP: 32/33 MP: 3/3
  1230 | D:2      | Reached ** piety under Trog
  1687 | D:2      | Reached skill level 1 in Polearms
  2043 | D:3      | Reached XP level 4. HP: 25/40 MP: 4/4
  2935 | D:4      | Reached *** piety under Trog
  2935 | D:4      | Reached XP level 5. HP: 28/46 MP: 5/5
  2985 | D:4      | Noticed Eustachio
  3014 | D:4      | Killed Eustachio
  3014 | D:4      | Reached XP level 6. HP: 46/53 MP: 6/6
  3538 | D:5      | Entered Level 5 of the Dungeon
  3585 | D:5      | Found a radiant altar of Vehumet.
  3591 | D:5      | Fell from the grace of Trog
  3591 | D:5      | Became a worshipper of Vehumet
  3747 | D:5      | Found Feujaops's Antique Armour Shoppe.
  3773 | D:5      | Bought a pair of boots for 108 gold pieces
  3950 | D:5      | Reached skill level 1 in Stealth
  3950 | D:5      | Your scales start taking on a golden yellow colour.
  3950 | D:5      | Reached XP level 7. HP: 17/60 MP: 7/7
  3973 | D:5      | Reached skill level 5 in Fighting
  4422 | D:6      | Found Cilurud's Magic Scroll Shoppe.
  4433 | D:6      | Reached skill level 5 in Polearms
  4471 | D:6      | Bought a scroll of identify for 28 gold pieces
  4471 | D:6      | Bought a scroll of identify for 28 gold pieces
  4478 | D:6      | Bought a scroll of identify for 28 gold pieces
  4529 | D:6      | Reached skill level 5 in Dodging
  4689 | D:6      | Noticed a polar bear
  4689 | D:6      | Noticed a polar bear
  4689 | D:6      | Noticed a polar bear
  4691 | D:6      | HP: 3/61 [black bear[the rage of Trog] (2)]
  4692 | D:6      | Slain by a black bear

Skill      XL: |  1  2  3  4  5  6  7 |
---------------+----------------------+-----
Dodging        | 3 4 5 |  5.1
Fighting       | 4 5 |  5.5
Polearms       | 1 2 3 4 5 |  5.8
Stealth        | 1 |  1.2
Long Blades    | |  3.4

Action                   |  1- 3 |  4- 6 |  7- 9 || total
-------------------------+-------+-------+-------++-------
Melee: Falchion          |     8 |       |       ||     8
       Spear             |   141 |   227 |   135 ||   503
       Tailslap          |     9 |    38 |    19 ||    66
Invok: Berserk           |       |     3 |       ||     3
       Trog's Hand       |       |     1 |       ||     1
 Abil: Breathe Acid      |       |       |     1 ||     1
  Use: Scroll            |       |       |     9 ||     9
       Potion            |       |       |     2 ||     2
  Eat: Ration            |     1 |     3 |     1 ||     5
Armor: Skin              |    82 |    54 |    19 ||   155
Dodge: Dodged            |   164 |   139 |    75 ||   378
       Rpst.: Falchion   |     6 |       |       ||     6
